3AA
VIRGINIA BEACH DEUCES @ LANCASTER FARMERS
09/06/2031
 
TOP OF THE 1ST
Virginia Beach Deuces batting - Pitching for Lancaster Farmers : RHP Benedicto Castellon
Pitching: RHP Benedicto Castellon
Batting: RHB Luis Díaz 0-0: Foul Ball, location: 2F
0-1: Ball
1-1: Ball
2-1: Foul Ball, location: 2F
2-2: Foul Ball, location: 2F
2-2: Ball
3-2: Base on Balls
Batting: RHB Júlio Becerra 0-0: Called Strike
0-1: Called Strike
0-2: Strikes out looking
Batting: RHB James Hill 0-0: Called Strike
Luis Díaz steals 2nd base
0-1: Ball
1-1: SINGLE (Line Drive, 6MD)
Luis Díaz to third
Runner from 3rd tries for Home, SAFE, no throw
Batting: LHB Félix González 0-0: Called Strike
0-1: Foul Ball, location: 2F
0-2: Ball
1-2: Strikes out swinging
Batting: SHB Juan Perales 0-0: Ball
1-0: Called Strike
1-1: Foul Ball, location: 2F
1-2: Foul Ball, location: 2F
1-2: Ball
2-2: Foul Ball, location: 2F
2-2: Ball
3-2: Foul Ball, location: 2F
3-2: Fly out, F7 (Flyball, 7LS)
Top of the 1st over - 1 run, 1 hit, 0 errors, 1 left on base; Virginia Beach 1 - Lancaster 0
BOTTOM OF THE 1ST
Lancaster Farmers batting - Pitching for Virginia Beach Deuces : RHP Victor de Meij
Pitching: RHP Victor de Meij
Batting: RHB José Xirau 0-0: Called Strike
0-1: Fly out, F6 (Line Drive, 6)
Batting: RHB Hsi-men King 0-0: Ball
1-0: Ground out 6-3 (Groundball, 6M)
Batting: RHB Domingo Altamiraño 0-0: Ball
1-0: Fly out, F8 (Line Drive, 8RD)
Bottom of the 1st over - 0 runs, 0 hits, 0 errors, 0 left on base; Virginia Beach 1 - Lancaster 0
TOP OF THE 2ND
Virginia Beach Deuces batting - Pitching for Lancaster Farmers : RHP Benedicto Castellon
Batting: RHB Alejandro Bracamonte 0-0: Ground out 6-3 (Groundball, 6D)
Batting: RHB Ray Covalt 0-0: Foul Ball, location: 2F
0-1: Ball
1-1: SINGLE (Line Drive, 8RS)
Batting: SHB Arvo Helminen 0-0: Ball
1-0: Hit by Pitch
Ray Covalt to second
Batting: LHB Yi-da Yee 0-0: Foul Ball, location: 2F
0-1: Ball
1-1: Swinging Strike
1-2: SINGLE (Groundball, 6D)
Ray Covalt to third
Arvo Helminen to second
Batting: RHB Luis Díaz 0-0: Foul Ball, location: 2F
0-1: Ball
1-1: Ball
2-1: Fly out, F7 (Flyball, 7S)
Batting: RHB Júlio Becerra 0-0: Foul Ball, location: 2F
0-1: Fielders Choice at 2nd, 5-4 (Groundball, 5)
Top of the 2nd over - 0 runs, 2 hits, 0 errors, 3 left on base; Virginia Beach 1 - Lancaster 0
BOTTOM OF THE 2ND
Lancaster Farmers batting - Pitching for Virginia Beach Deuces : RHP Victor de Meij
Batting: RHB Bobson Dugnutt 0-0: Ground out 5-3 (Groundball, 56)
Batting: RHB Hou Kong 0-0: Ground out 5-3 (Groundball, 5S)
Batting: RHB Ramón Soto 0-0: Foul Ball, location: 2F
0-1: DOUBLE (Line Drive, 7LM)
Batting: RHB Gabe Cain 0-0: Ball
1-0: Ground out 6-3 (Groundball, 6)
Bottom of the 2nd over - 0 runs, 1 hit, 0 errors, 1 left on base; Virginia Beach 1 - Lancaster 0
TOP OF THE 3RD
Virginia Beach Deuces batting - Pitching for Lancaster Farmers : RHP Benedicto Castellon
Batting: RHB James Hill 0-0: Ball
1-0: Ground out 5-3 (Groundball, 5)
Batting: LHB Félix González 0-0: Called Strike
0-1: Swinging Strike
0-2: Foul Ball, location: 2F
0-2: Strikes out swinging
Batting: SHB Juan Perales 0-0: Called Strike
0-1: Swinging Strike
0-2: SINGLE (Groundball, 56D)
Batting: RHB Alejandro Bracamonte 0-0: Ball
1-0: Fly out, F8 (Flyball, 8RXD)
Top of the 3rd over - 0 runs, 1 hit, 0 errors, 1 left on base; Virginia Beach 1 - Lancaster 0
BOTTOM OF THE 3RD
Lancaster Farmers batting - Pitching for Virginia Beach Deuces : RHP Victor de Meij
Batting: RHB Min-tae Yi 0-0: Ball
1-0: Foul Ball, location: 2F
1-1: Ball
2-1: Ball
3-1: Foul Ball, location: 2F
3-2: DOUBLE (Line Drive, 89D)
Batting: RHB David Sánchez 0-0: Ball
1-0: Foul Ball, location: 2F
1-1: Foul Ball, location: 2F
1-2: Strikes out swinging
Batting: RHB José Xirau 0-0: Ground out 5-3 (Groundball, 5)
Batting: RHB Hsi-men King 0-0: DOUBLE (Line Drive, 89XD)
Min-tae Yi scores
Batting: RHB Domingo Altamiraño 0-0: Foul Ball, location: 2F
0-1: Ball
1-1: Ball
2-1: SINGLE (Groundball, 6) (infield hit)
Hsi-men King to third
Batting: RHB Bobson Dugnutt 0-0: Foul Ball, location: 2F
0-1: Called Strike
0-2: Strikes out swinging
Bottom of the 3rd over - 1 run, 3 hits, 0 errors, 2 left on base; Virginia Beach 1 - Lancaster 1
TOP OF THE 4TH
Virginia Beach Deuces batting - Pitching for Lancaster Farmers : RHP Benedicto Castellon
Batting: RHB Ray Covalt 0-0: Ball
1-0: Fly out, F7 (Flyball, 78S)
Batting: SHB Arvo Helminen 0-0: Called Strike
0-1: Ball
1-1: Ball
2-1: Fly out, F7 (Flyball, 78M)
Batting: LHB Yi-da Yee 0-0: Ball
1-0: Foul Ball, location: 2F
1-1: Swinging Strike
1-2: Foul Ball, location: 2F
1-2: Ball
2-2: Ball
3-2: Foul Ball, location: 2F
3-2: Base on Balls
Batting: RHB Luis Díaz 0-0: Swinging Strike
0-1: Ball
1-1: Ball
2-1: Called Strike
2-2: Ball
3-2: Fly out, F9 (Line Drive, 89D)
Top of the 4th over - 0 runs, 0 hits, 0 errors, 1 left on base; Virginia Beach 1 - Lancaster 1
BOTTOM OF THE 4TH
Lancaster Farmers batting - Pitching for Virginia Beach Deuces : RHP Victor de Meij
Batting: RHB Hou Kong 0-0: Ball
1-0: Foul Ball, location: 2F
1-1: Ball
2-1: Ball
3-1: Called Strike
3-2: Foul Ball, location: 2F
3-2: Fly out, F7 (Flyball, 7LSF)
Batting: RHB Ramón Soto 0-0: Foul Ball, location: 2F
0-1: Called Strike
0-2: Ball
1-2: Ball
2-2: Ground out 1-3 (Groundball, 13S)
Batting: RHB Gabe Cain 0-0: Called Strike
0-1: Swinging Strike
0-2: Strikes out swinging
Bottom of the 4th over - 0 runs, 0 hits, 0 errors, 0 left on base; Virginia Beach 1 - Lancaster 1
TOP OF THE 5TH
Virginia Beach Deuces batting - Pitching for Lancaster Farmers : RHP Benedicto Castellon
Batting: RHB Júlio Becerra 0-0: Called Strike
0-1: Ball
1-1: Ball
2-1: Ball
3-1: Foul Ball, location: 2F
3-2: Ground out 1-3 (Groundball, 13)
Batting: RHB James Hill 0-0: Foul Ball, location: 2F
0-1: Swinging Strike
0-2: Foul Ball, location: 2F
0-2: Ball
1-2: Ball
2-2: Fly out, F4 (Line Drive, 4)
Batting: LHB Félix González 0-0: Fly out, F9 (Flyball, 9S)
Top of the 5th over - 0 runs, 0 hits, 0 errors, 0 left on base; Virginia Beach 1 - Lancaster 1
BOTTOM OF THE 5TH
Lancaster Farmers batting - Pitching for Virginia Beach Deuces : RHP Victor de Meij
Batting: RHB Min-tae Yi 0-0: Foul Ball, location: 2F
0-1: Ball
1-1: Foul Ball, location: 2F
1-2: Ground out 6-3 (Groundball, 6)
Batting: RHB David Sánchez 0-0: Ball
1-0: Ball
2-0: Ball
3-0: Base on Balls
Batting: RHB José Xirau 0-0: Called Strike
0-1: Ball
1-1: Grounds into double play, 6-4-3 (Groundball, 6)
Bottom of the 5th over - 0 runs, 0 hits, 0 errors, 0 left on base; Virginia Beach 1 - Lancaster 1
TOP OF THE 6TH
Virginia Beach Deuces batting - Pitching for Lancaster Farmers : RHP Benedicto Castellon
Batting: SHB Juan Perales 0-0: Called Strike
0-1: Ball
1-1: SINGLE (Line Drive, 56D)
Batting: RHB Alejandro Bracamonte 0-0: Called Strike
0-1: Sac Bunt - play at first, batter OUT! 2-4
Juan Perales to second
Batting: RHB Ray Covalt 0-0: Ball
1-0: Ball
2-0: Ball
3-0: Base on Balls
Pitching: LHP Mannus Dijkman
Batting: SHB Arvo Helminen 0-0: Ball
1-0: Ball
2-0: Called Strike
2-1: Foul Ball, location: 2F
2-2: Grounds into double play, 6-4-3 (Groundball, 6)
Top of the 6th over - 0 runs, 1 hit, 0 errors, 1 left on base; Virginia Beach 1 - Lancaster 1
BOTTOM OF THE 6TH
Lancaster Farmers batting - Pitching for Virginia Beach Deuces : RHP Victor de Meij
Batting: RHB Hsi-men King 0-0: Foul Ball, location: 2F
0-1: Fly out, F7 (Line Drive, 7LD)
Batting: RHB Domingo Altamiraño 0-0: Fly out, F7 (Flyball, 7LS)
Batting: RHB Bobson Dugnutt 0-0: Foul Ball, location: 2F
0-1: Ground out 5-3 (Groundball, 56)
Bottom of the 6th over - 0 runs, 0 hits, 0 errors, 0 left on base; Virginia Beach 1 - Lancaster 1
TOP OF THE 7TH
Virginia Beach Deuces batting - Pitching for Lancaster Farmers : LHP Mannus Dijkman
Pitching: RHP Pat Clement
Batting: LHB Yi-da Yee 0-0: Ball
1-0: Foul Ball, location: 2F
1-1: Ground out U3 (Groundball, 3)
Batting: RHB Luis Díaz 0-0: Ball
1-0: Foul Ball, location: 2F
1-1: Fly out, F8 (Flyball, 8RS)
Batting: RHB Júlio Becerra 0-0: Called Strike
0-1: Called Strike
0-2: Ball
1-2: Fly out, F7 (Flyball, 78M)
Top of the 7th over - 0 runs, 0 hits, 0 errors, 0 left on base; Virginia Beach 1 - Lancaster 1
BOTTOM OF THE 7TH
Lancaster Farmers batting - Pitching for Virginia Beach Deuces : RHP Victor de Meij
Batting: RHB Hou Kong 0-0: Foul Ball, location: 2F
0-1: Fly out, F3 (Popup, 34)
Batting: RHB Ramón Soto 0-0: Ball
1-0: Ball
2-0: Called Strike
2-1: Foul Ball, location: 2F
2-2: Foul Ball, location: 2F
2-2: Foul Ball, location: 2F
2-2: Ball
3-2: Base on Balls
Batting: RHB Gabe Cain 0-0: Called Strike
0-1: Called Strike
0-2: Ball
1-2: Ball
2-2: Fielders Choice at 2nd, 6-4 (Groundball, 6)
Pitching: RHP Vladmiri Fanardjyan
Batting: RHB Min-tae Yi 0-0: Foul Ball, location: 2F
0-1: Ground out 5-3 (Groundball, 56S)
Bottom of the 7th over - 0 runs, 0 hits, 0 errors, 1 left on base; Virginia Beach 1 - Lancaster 1
TOP OF THE 8TH
Virginia Beach Deuces batting - Pitching for Lancaster Farmers : RHP Pat Clement
Batting: RHB James Hill 0-0: Fly out, F7 (Line Drive, 7LS)
Batting: LHB Félix González 0-0: Ground out U3 (Groundball, 3)
Batting: SHB Juan Perales 0-0: Foul Ball, location: 2F
0-1: Foul Ball, location: 2F
0-2: Ball
1-2: Hit by Pitch
Batting: RHB Alejandro Bracamonte 0-0: Foul Ball, location: 2F
0-1: Ball
1-1: Foul Ball, location: 2F
1-2: Strikes out looking
Top of the 8th over - 0 runs, 0 hits, 0 errors, 1 left on base; Virginia Beach 1 - Lancaster 1
BOTTOM OF THE 8TH
Lancaster Farmers batting - Pitching for Virginia Beach Deuces : RHP Vladmiri Fanardjyan
Batting: RHB David Sánchez 0-0: Called Strike
0-1: SINGLE (Flyball, 78S)
Batting: RHB José Xirau 0-0: Bunted foul
0-1: Sac Bunt - play at first, batter OUT! 1-4
David Sánchez to second
Batting: RHB Hsi-men King 0-0: Called Strike
0-1: Swinging Strike
0-2: SINGLE (Line Drive, 6D)
David Sánchez to third
Runner from 3rd tries for Home, SAFE, no throw
Batting: RHB Domingo Altamiraño 0-0: Ball
Hsi-men King is caught stealing 2nd base
1-0: Ball
2-0: Foul Ball, location: 2F
2-1: Reached on error, E3 (Groundball, 34S)
Batting: RHB Bobson Dugnutt 0-0: Foul Ball, location: 2F
0-1: Ball
1-1: DOUBLE (Line Drive, 5D)
Domingo Altamiraño to third
Runner from 3rd tries for Home, SAFE, no throw
Batting: RHB Hou Kong 0-0: Foul Ball, location: 2F
0-1: Ball
1-1: Ball
2-1: Ball
3-1: Base on Balls
Batting: RHB Ramón Soto 0-0: Called Strike
0-1: Ball
1-1: Foul Ball, location: 2F
1-2: Strikes out swinging
Bottom of the 8th over - 2 runs, 3 hits, 1 error, 2 left on base; Virginia Beach 1 - Lancaster 3
TOP OF THE 9TH
Virginia Beach Deuces batting - Pitching for Lancaster Farmers : RHP Pat Clement
Now in RF: Jesús Herrera
Batting: RHB Ray Covalt 0-0: Fly out, F8 (Flyball, 8RM)
Batting: SHB Arvo Helminen 0-0: Foul Ball, location: 2F
0-1: Foul Ball, location: 2F
0-2: Ball
1-2: Strikes out swinging
Batting: LHB Yi-da Yee 0-0: Fly out, F8 (Flyball, 8LXD)
Top of the 9th over - 0 runs, 0 hits, 0 errors, 0 left on base; Virginia Beach 1 - Lancaster 3
Tuesday, June 12th, 2018 - OOTP Baseball 18.8 Build 76